 Dungeon Crawl Stone Soup version 0.29.0-15-g675c0067aa (webtiles) character file.

Game seed: 14852130490178620184

10 qw the Sneak (level 2, -6/19 HPs)
             Began as a Gargoyle Delver on Sept 11, 2022.
             Mangled by a worm (8 damage)
             ... on level 3 of the Dungeon.
             The game lasted 00:00:09 (243 turns).

qw the Sneak (Gargoyle Delver)                       Turns: 243, Time: 00:00:09

Health: -6/19      AC:  5    Str: 15    XL:     2   Next: 20%
Magic:  2/2        EV: 11    Int: 10    God:
Gold:   59         SH:  0    Dex: 11    Spells: 1/1 levels left

rFire   . . .      SeeInvis .   Y - +0 hand axe
rCold   . . .      Faith    .   (no shield)
rNeg    + . .      Spirit   .   b - +0 leather armour
rPois   inf        Reflect  .   (no helmet)
rElec   +          Harm     .   (no cloak)
rCorr   .          Rampage  .   (no gloves)
Will    .....                   (no boots)
Stlth   +++.......              (no amulet)
HPRegen 0.06/turn               (no ring)
MPRegen 0.08/turn               (no ring)

@: no status effects
A: sickness immunity, AC +2, negative energy resistance 1, electricity
resistance, torment resistance 1, petrification resistance
a: no special abilities


You were on level 3 of the Dungeon.
You visited 1 branch of the dungeon, and saw 3 of its levels.

You collected 59 gold pieces.


Innate Abilities, Weirdness & Mutations

You are immune to sickness and miasma.
Your stone body is resilient. (AC +2)
You are immune to poison.
You resist negative energy. (rN+)
You are resistant to electric shocks. (rElec)
You are resistant to unholy torment.
You are immune to petrification.


   Skills:
 - Level 3.2 Fighting
 + Level 2.5 Axes
 - Level 1.5 Dodging
 - Level 5.4 Stealth


You had one spell level left.
You didn't know any spells.
Your spell library was empty.

Inventory:

Hand Weapons
 h - a +0 whip
 Y - a +0 hand axe (weapon)
Armour
 b - a +0 leather armour (worn)
Wands
 g - a wand of digging (3)
Potions
 c - a potion of cancellation {unknown}
 f - a potion of haste

Dungeon Overview and Level Annotations

Branches:
Dungeon (5/15)
 Temple: D:4-7

Altars:
Gozag


Message History

Really abort (and waste the scroll)?
(D) Dungeon
Where to? (* - list waypoints, Enter - D:4, ? - help)
What level of the Dungeon? (default 1, ? - help)
There is an opulent altar of Gozag here.
Found 17 gold pieces.
There is a stone staircase leading up here.
You climb upwards.
Found 12 gold pieces.
There is a stone staircase leading down here.
A worm is nearby!
Existing waypoints: (1) D:4 (2) D:5 Assign waypoint to what number? (0-9, D - delete waypoint) Waypoint 2 re-assigned from D:5 to D:3.
Enter note: The helpless worm fails to defend itself.
You slash the worm!
The worm is heavily wounded.
The worm bites you!
You hit the worm.
The worm is heavily wounded.
The worm bites you but does no damage.
You hit the worm.
The worm is severely wounded.
You hit the worm but do no damage.
The worm is severely wounded.
The worm bites you!
You barely miss the worm.
The worm is heavily wounded.
The worm closely misses you.
You hit the worm.
The worm is heavily wounded.
You completely miss the worm.
The worm is heavily wounded.
The worm bites you.
You hit the worm.
The worm is almost dead.
The worm bites you!
You die...

#.#.. .#.# #
...# #. #..#
#.##..#
####.....######
#.............#
#.....w@>.....#
#.............#
#.............#
#.............#
#$............#
#.............#
#.............#
###############


You could see a worm.

Vanquished Creatures
  An adder (D:4)
  A quokka (D:4)
2 creatures vanquished.

Notes
Turn   | Place    | Note
-------+----------+-------------------------------------------
     0 | D:5      | qw the Gargoyle Delver began the quest for the Orb.
     0 | D:5      | Reached XP level 1. HP: 14/14 MP: 1/1
     0 | D:5      | 0 ||| qw: Version: 0.1-a-117-gfe26ee0
     0 | D:5      | 0 ||| qw: Game counter: 10025
     0 | D:5      | 0 ||| qw: Always use a shield: true
     0 | D:5      | 0 ||| qw: God list: Okawaru
     0 | D:5      | 0 ||| qw: Allow faded altars: false
     0 | D:5      | 0 ||| qw: Do Orc after D:15 true
     0 | D:5      | 0 ||| qw: Do second Lair branch before Depths: true
     0 | D:5      | 0 ||| qw: Lair rune preference: random
     0 | D:5      | 0 ||| qw: Plans: Normal
     0 | D:5      | 0 ||| PLANNING D:1-11
     0 | D:5      | 0 ||| DROPPING scroll of fog.
     1 | D:5      | 1 ||| DROPPING scroll of magic mapping.
     2 | D:5      | 2 ||| DROPPING scroll of fear.
   107 | D:4      | 107 ||| Stepping ~*~*~tactically~*~*~ (stealth).
   116 | D:4      | 116 ||| Stepping ~*~*~tactically~*~*~ (stealth).
   117 | D:4      | 117 ||| Stepping ~*~*~tactically~*~*~ (stealth).
   118 | D:4      | 118 ||| Stepping ~*~*~tactically~*~*~ (stealth).
   119 | D:4      | 119 ||| Stepping ~*~*~tactically~*~*~ (stealth).
   121 | D:4      | 121 ||| Stepping ~*~*~tactically~*~*~ (stealth).
   123 | D:4      | 123 ||| Stepping ~*~*~tactically~*~*~ (stealth).
   124 | D:4      | 124 ||| Stepping ~*~*~tactically~*~*~ (stealth).
   127 | D:4      | 127 ||| Stepping ~*~*~tactically~*~*~ (stealth).
   139 | D:4      | Reached XP level 2. HP: 17/19 MP: 2/2
   199 | D:4      | Found an opulent altar of Gozag.
   214 | D:4      | 214 ||| READING scroll labelled WAJEDU YTOG.
   215 | D:4      | 215 ||| READING scroll labelled LUTIMPA BOSERA.
   239 | D:3      | HP: 4/19 [worm (9)]
   243 | D:3      | Mangled by a worm

Levels and vault maps discovered:
D:3:      layout_basic
D:4:      layout_loops_ring, nicolae_gozag_cash_rules_everything_around_me,
          minmay_misc_feat_five
D:5:      layout_cave_pods, minmay_temple_entry_butterflies,
          portal_sewer_entry_b, kennysheep_pointless_box, uniq_ijyb,
          uniq_duvessa

Skill      XL: |  1 |
---------------+----+-----
Axes           | 2 |  2.5
Fighting       | |  3.2
Dodging        | |  1.5
Stealth        | |  5.4

Action                   || total
-------------------------++-------
Melee: Hand axe          ||    14
  Use: Scroll            ||     2
 Stab: Sleeping          ||     2
       Distracted        ||     1
Armor: Leather armour    ||     2
Dodge: Dodged            ||     6

Table legend:
 A = Non-vault XP
 B = Vault XP
 C = Vault XP percentage of total XP
 D = Non-vault monster count
 E = Vault monster count
 F = Vault count percentage of total count
                 A         B        C        D         E       F
            +---------+---------+-------+---------+---------+-------
      Total |      15 |       0 |   0.0 |       2 |       0 |   0.0
            +---------+---------+-------+---------+---------+-------
        D:4 |      15 |       0 |   0.0 |       2 |       0 |   0.0
            +---------+---------+-------+---------+---------+-------
